 Dungeon Crawl Stone Soup version 0.18.1-50-g88ac8fd (webtiles) character file.

45 magog001 the Sneak (level 3, -4/24 HPs)
             Began as a Halfling Assassin on Mar 7, 2017.
             Slain by Jessica (5 damage)
             ... on level 2 of the Dungeon.
             The game lasted 00:09:41 (1750 turns).

magog001 the Sneak (Halfling Assassin)              Turns: 1750, Time: 00:09:42

Health: -4/24      AC:  4    Str: 12    XL:     3   Next: 90%
Magic:  3/3        EV: 14    Int: 10    God:
Gold:   112        SH:  0    Dex: 15    Spells: 0 memorised, 2 levels left

rFire  . . .     SeeInvis .     a - +2 dagger
rCold  . . .     Gourm    .     w - +0 leather armour (curse)
rNeg   . . .     Faith    .     (shield restricted)
rPois  .         Spirit   .     (no helmet)
rElec  .         Dismiss  .     d - +0 cloak
rCorr  .         Reflect  .     (no gloves)
SustAt .         Harm     .     (no boots)
MR     .....                    (no amulet)
Stlth  +++.......               (no ring)
                                (no ring)

@: not resistant to hostile enchantments, fairly stealthy
A: mutation resistance 1
a: no special abilities


You were on level 2 of the Dungeon.
You were not hungry.

You visited 1 branch of the dungeon, and saw 2 of its levels.

You collected 112 gold pieces.

Inventory:

Hand Weapons
 a - a +2 dagger (weapon)
 b - a +0 blowgun
 m - a +0 hunting sling
Missiles
 e - 19 poisoned needles
 f - 2 curare-tipped needles
 l - 6 tomahawks of dispersal (quivered)
 n - 79 stones
 v - 7 tomahawks
Armour
 d - a +0 cloak (worn)
 w - a cursed +0 leather armour (worn)
Jewellery
 c - a +3 ring of evasion {unknown}
 k - a +2 ring of evasion {unknown}
Wands
 t - a wand of paralysis (0/24)
Scrolls
 h - a scroll of fear {unknown}
 o - 6 scrolls of remove curse {unknown}
 p - 2 scrolls of identify {unknown}
Potions
 j - a potion of lignification {unknown}
 r - a potion of degeneration {unknown}
 x - a potion of curing {unknown}
Books
 u - a book of Battle

   Spells                             Type                      Level
   a - Infusion                       Charms                       1
   b - Shroud of Golubria             Charms/Translocation         2
   c - Song of Slaying                Charms                       2
   d - Spectral Weapon                Hexes/Charms                 3
   e - Regeneration                   Charms/Necromancy            3
 y - a book of Misfortune

   Spells                             Type                      Level
   a - Confusing Touch                Hexes                        2
   b - Confuse                        Hexes                        3
   c - Gell's Gravitas                Hexes/Translocation          3
   d - Petrify                        Transmutation/Earth          4
   e - Metabolic Englaciation         Hexes/Ice                    5
   f - Yara's Violent Unravelling     Hexes/Transmutation          5
Comestibles
 g - 2 bread rations
 q - 4 fruits
 s - a chunk of flesh


   Skills:
 + Level 1.7 Fighting
 + Level 2.8 Short Blades
 * Level 2.0(2.9) Slings
 * Level 2.2(2.5) Throwing
 * Level 1.9 Dodging
 * Level 5.2 Stealth


You had 2 spell levels left.
You didn't know any spells.

Dungeon Overview and Level Annotations

Branches:
Dungeon (2/15)

Altars:

Annotations:
D:2 Jessica


Innate Abilities, Weirdness & Mutations

You are small and have problems with some larger weapons.
You are somewhat resistant to further mutation.


Message History

Jessica is heavily wounded.
The quokka twitches its whiskers.
The quokka misses you. Jessica closely misses you.
You barely miss Jessica.
Jessica is heavily wounded.
The quokka bites you.
* * * LOW HITPOINT WARNING * * *
Jessica hits you.
* * * LOW HITPOINT WARNING * * *
You barely miss Jessica.
Jessica is heavily wounded.
The quokka barely misses you. Jessica hits you.
* * * LOW HITPOINT WARNING * * *
The quokka closely misses you.
There's nothing to close nearby.
Evoke which item? (* to show all) (? for menu, Esc to quit)
Okay, then.
Drink which item? (? for menu, Esc to quit)
It was a potion of cure mutation.
It has a very clean taste.
Jessica hits you.
You die...

#.# ######.# #.
#......##..####
#.#####.......###
#.# ##..........#
#.###..#####..#.#
#.#...##...##...#
#.....#.....#...#
###...#..@@.'...#
#...#..r..#...#
#...##:!.##...#
###..#####....#
##.........##
##.......##
#########


You could see Jessica and a quokka.

Vanquished Creatures
  A worm (D:2)
  2 dart slugs (D:1)
  A giant gecko (D:1)
  3 giant cockroaches
  5 goblins
  6 hobgoblins (D:1)
  4 jackals (D:1)
  3 bats
  A giant newt (D:2)
  3 kobolds
  6 rats
35 creatures vanquished.

Notes
Turn   | Place    | Note
--------------------------------------------------------------
     0 | D:1      | magog001 the Halfling Assassin began the quest for the Orb.
     0 | D:1      | Reached XP level 1. HP: 14/14 MP: 1/1
   208 | D:1      | Reached XP level 2. HP: 19/19 MP: 2/2
   370 | D:1      | Reached skill level 1 in Slings
   442 | D:1      | Reached XP level 3. HP: 24/24 MP: 3/3
   483 | D:1      | Reached skill level 5 in Stealth
  1738 | D:2      | Noticed Jessica
  1749 | D:2      | HP: 1/24 [Jessica (4)]
  1750 | D:2      | Slain by Jessica

Skill      XL: |  1  2  3 |
---------------+----------+-----
Slings         | 1 2 |  2.0
Stealth        | 5 |  5.2
Fighting       | |  1.7
Short Blades   | |  2.8
Throwing       | |  2.2
Dodging        | |  1.9

Action                   || total
-------------------------++-------
Melee: Dagger            ||   115
 Fire: Hunting sling     ||    26
Evoke: Wand              ||     3
  Use: Potion            ||     1
 Stab: Sleeping          ||     7
       Paralysed         ||     1
  Eat: Beef jerky        ||     1
       Chunk             ||     1
Armor: Robe              ||    29
Dodge: Dodged            ||   103
